 Dungeon Crawl Stone Soup version 0.32-a0-17-gb74e046682 (webtiles) character file.

Game seed: 17666243456739991451

37 DVX the Cudgeller (level 3, 0/39 HPs)
             Began as an Oni Cinder Acolyte on Jan 15, 2024.
             Was a Follower of Lugonu.
             Slain by a kobold
             ... wielding a +1 whip of distortion
              (11 damage)
             ... on level 2 of the Dungeon.
             The game lasted 00:00:59 (691 turns).

DVX the Cudgeller (Oni Cinder Acolyte)               Turns: 691, Time: 00:00:59

Health: 0/39       AC:  3    Str: 20    XL:     3   Next: 41%
Magic:  4/4        EV:  9    Int: 15    God:    Lugonu [*.....]
Gold:   29         SH:  0    Dex:  4    Spells: 4/4 levels left

rFire   . . .        a - -1 mace (flame)
rCold   . . .        (no shield)
rNeg    . . .        b - +0 robe
rPois   .            (helmet restricted)
rElec   .            (no cloak)
rCorr   .            (gloves unavailable)
SInv    .            (boots unavailable)
Will    .....        (no amulet)
Stlth   +            (no ring)
HPRegen 0.26/turn    (no ring)
MPRegen 0.09/turn

%: no passive effects
@: fire susceptible
A: large, unfitting armour, horns 1, tough skin 1, double potion healing,
drunken brawling
a: Renounce Religion, Depart the Abyss


You were on level 2 of the Dungeon.
You worshipped Lugonu.
Lugonu was aware of your devotion.
You visited 1 branch of the dungeon, and saw 2 of its levels.

You collected 29 gold pieces.

Inventory:

Hand Weapons
 a - a -1 mace of flaming (weapon)
Armour
 b - a +0 robe (worn)
Scrolls
 f - a scroll of identify {unknown}
 g - a scroll of immolation {unknown}
Potions
 c - a potion of enlightenment {unknown}
 d - a potion of mutation {unknown}
 e - a potion of attraction {unknown}
 h - 2 potions of degeneration {unknown}


   Skills:
 - Level 4.0 Fighting
 + Level 4.4 Maces & Flails
 - Level 1.2 Spellcasting
 - Level 2.6 Fire Magic


You had 4 spell levels left.
You didn't know any spells.
Your spell library contained the following spells:

 Spells                   Type           Power      Damage    Failure   Level
 Scorch                   Fire           16%        2d5       12%         2


Dungeon Overview and Level Annotations

Branches:
Dungeon (2/15)

Altars:
Lugonu


Innate Abilities, Weirdness & Mutations

You are too large for most types of armour.
You have a pair of small horns on your head.
You have tough skin. (AC +1)
You gain doubled healing and magic from potions.
Whenever you drink a healing potion, you attack all around you.


Message History

You hit the hobgoblin. You burn the hobgoblin.
You kill the hobgoblin!
Lugonu accepts your kill.
No target in view!
You see here a hobgoblin corpse.
You see here 2 stones.
You see here a +0 whip.
You see here a +0 scale mail.
h - 2 viscous inky potions Done exploring.
Done exploring.
There is a stone staircase leading down here.
You climb downwards.
The kobold shouts!
You hear an angry hiss.
Found 14 gold pieces.
There is a stone staircase leading up here.
You closely miss the kobold. The kobold closely misses you.
You closely miss the kobold. Your headbutt misses the kobold.
The kobold closely misses you.
You barely miss the kobold. Your punch misses the kobold.
The kobold hits you but does no damage. Space warps around you.
You barely miss the kobold. The kobold barely misses you.
You hit the kobold. You burn the kobold.
The kobold is heavily wounded.
The kobold closely misses you.
The kobold hits you with a +1 whip of distortion.
Space warps horribly around you!!
You barely miss the kobold.
The kobold is heavily wounded.
The kobold hits you with a +1 whip of distortion.
You blink.
A hobgoblin comes into view.
You see here 14 gold pieces.
The kobold barely misses you.
You hit the kobold. You burn the kobold. Your headbutt misses the kobold.
The kobold is severely wounded.
The kobold hits you with a +1 whip of distortion.
* * * LOW HITPOINT WARNING * * *
Space warps horribly around you!
You die...

#..#..# ..#
..#.... ..# .
.....##..##
#..#..g.....#
............#
#....# ####$#
#.# #@# #K#
#<# #.# #.#
..# #.# #..
###


You could see a hobgoblin and a kobold.

Vanquished Creatures
  A gnoll (D:1)
  A dart slug (D:1)
  5 bats (D:1)
  2 endoplasms (D:1)
  2 giant cockroaches (D:1)
  A goblin (D:1)
  4 hobgoblins (D:1)
  2 quokkas (D:1)
  2 ball pythons (D:1)
  A frilled lizard (D:1)
21 creatures vanquished.

Notes
Turn   | Place    | Note
-------+----------+-------------------------------------------
     0 | D:1      | DVX the Oni Cinder Acolyte began the quest for the Orb.
     0 | D:1      | Reached XP level 1. HP: 24/24 MP: 2/2
    32 | D:1      | Reached XP level 2. HP: 14/32 MP: 3/3
   216 | D:1      | Found a faded altar of an unknown god.
   223 | D:1      | Prayed at the altar of an unknown god.
   223 | D:1      | Fell from the grace of Ignis
   223 | D:1      | Became a worshipper of Lugonu the Unformed
   223 | D:1      | Reached * piety under Lugonu
   264 | D:1      | Reached XP level 3. HP: 29/39 MP: 4/4
   691 | D:2      | Slain by a kobold

Illustrated notes

Levels and vault maps discovered:
D:1:      minmay_arrival_radiant_lines, layout_loops_ring,
          basic_ecumenical_altar
D:2:      layout_basic, hangedman_decor_opposing, serial_bayou_lagoon_a,
          minmay_box_of_dots, uniq_natasha, uniq_terence

Skill      XL: |  1  2 |
---------------+-------+-----
Maces & Flails | 4 |  4.4
Fighting       | |  4.0
Spellcasting   | |  1.2
Fire Magic     | |  2.6

Action                     || total
---------------------------++-------
  Melee: Mace              ||    65
         Headbutt          ||     6
 Armour: Robe              ||    49
  Dodge: Dodged            ||    48

Table legend: (Time is in decaauts)
 A = Elapsed time spent in this place.
 B = Non-inter-level travel time spent in this place.
 C = Inter-level travel time spent in this place.
 D = Time resting spent in this place.
 E = Time spent auto-exploring this place.
 F = Levels seen in this place.
 G = Mean time per level.
                   A        B        C        D        E       F      G
               +--------+--------+--------+--------+--------+-----+--------+
         Total |    704 |    698 |      6 |     60 |    477 |   2 |  352.0 |
       Dungeon |    704 |    698 |      6 |     60 |    477 |   2 |  352.0 |
               +--------+--------+--------+--------+--------+-----+--------+

Top non-repeatable levels by time:
     D:1: 693 daAuts
     D:2: 11 daAuts
